 Dungeon Crawl Stone Soup version 0.16-a0-670-g3b10be2 (webtiles) character file.

163 PolkaDot the Insei (level 5, -2/41 HPs)
             Began as a Demonspawn Monk on Sept 19, 2014.
             Slain by Sigmund
             ... wielding a +0 scythe
              (9 damage)
             ... on Level 2 of the Dungeon.
             The game lasted 00:08:02 (2097 turns).

PolkaDot the Insei (Demonspawn Monk)                Turns: 2097, Time: 00:08:02

HP  -2/41        AC  5     Str 11      XL: 5   Next: 20%
MP   5/5         EV 13     Int 12      God:
Gold 61          SH  0     Dex 16      Spells:  0 memorised,  4 levels left

rFire  + . .     SeeInvis .       - Unarmed
rCold  . . .     Clarity  .     a - +0 robe
rNeg   . . .     rCorr    .     (no shield)
rPois  +         rRot     .     (no helmet)
rElec  .         Spirit   .     n - +2 cloak {rPois}
SustAb .         Warding  .     (no gloves)
rMut   .         Stasis   .     (no boots)
Gourm  .                        (no amulet)
MR     .....                    (no ring)
                                h - ring of invisibility

@: confused, not resistant to hostile enchantments, very unstealthy
A: fire resistance 1, spiny 1, flame cloud immunity
a: Evoke Invisibility


You were on level 2 of the Dungeon.
You were hungry.

You visited 1 branch of the dungeon, and saw 2 of its levels.

You collected 61 gold pieces.

Inventory:

Armour
 a - a +0 robe (worn)
 n - a +2 cloak of poison resistance (worn)
Comestibles
 b - a bread ration
 i - a chunk of adder flesh
 l - 3 chunks of hobgoblin flesh
 o - 2 chunks of goblin flesh
Scrolls
 c - a scroll of enchant weapon {unknown}
 d - a scroll of teleportation {unknown}
 e - a scroll of remove curse
 f - a scroll of amnesia {unknown}
 g - a scroll of immolation {unknown}
 m - 2 scrolls of noise
 q - 2 scrolls of recharging
Jewellery
 h - a ring of invisibility (left hand)
 j - an uncursed ring of fire {unknown}


   Skills:
 - Level 3.2 Fighting
 - Level 2.7 Dodging
 - Level 1.8 Stealth
 + Level 5.8 Unarmed Combat


You had 4 spell levels left.
You didn't know any spells.

Dungeon Overview and Level Annotations

Branches:
Dungeon (2/15)

Altars:
Elyvilon
Yredelemnul
Zin

Annotations:
D:2 Sigmund


Innate Abilities, Weirdness & Mutations

Your flesh is heat resistant.
You are partially covered in sharp spines.
You are immune to clouds of flame.


Message History

Identify which item? (\ to view known items) (? for menu, Esc to quit)
As you read the scroll of identify, it crumbles to dust.
q - 2 scrolls of recharging You aren't carrying any items that can be evoked.
Read which item? (? for menu, Esc to quit)
Okay, then.
Unknown command.
You aren't carrying any potions.
You hit something but do no damage.
You hear some strange, mumbled words.
A puff of flame appears from out of thin air!
The puff of flame misses you.
You hit something but do no damage.
You hear some strange, mumbled words.
You are confused.
You barely miss something. Something hits you!
* * * LOW HITPOINT WARNING * * *
You closely miss something.
You swing at nothing.
Something hits you!
You die...

### ..# ..#######
g.......######.#
..#####........##########.#
..# #..#######...........
#######..#######@########..
..........................
#.#####..#################
#.#####..########
...##...........#
...........(###.#
...##.#..##.# #.#
............# #.#
......#..#..###.####


There were no monsters in sight!

Vanquished Creatures
  Crazy Yiuf (D:2)
  Jessica (D:2)
  Terence (D:2)
  4 adders (D:2)
  3 gnolls (D:2)
  An inept item mimic (D:2)
  A giant gecko (D:1)
  A ball python (D:2)
  2 bats (D:1)
  A giant cockroach (D:2)
  5 hobgoblins
  A quokka (D:2)
  2 gnoll zombies (D:2)
  4 goblins
  4 kobolds
  5 rats
37 creatures vanquished.

Notes
Turn   | Place    | Note
--------------------------------------------------------------
     0 | D:1      | PolkaDot, the Demonspawn Monk, began the quest for the Orb.
     0 | D:1      | Reached XP level 1. HP: 18/18 MP: 1/1
   568 | D:1      | Gained mutation: Your flesh is heat resistant. [demonic ancestry]
   568 | D:1      | Reached XP level 2. HP: 20/24 MP: 2/2
   930 | D:2      | Noticed Jessica
   940 | D:2      | Killed Jessica
   940 | D:2      | Reached skill level 4 in Unarmed Combat
   944 | D:2      | Gained mutation: You are partially covered in sharp spines. [demonic ancestry]
   944 | D:2      | Reached XP level 3. HP: 12/29 MP: 3/3
  1231 | D:2      | Found a glowing silver altar of Zin.
  1304 | D:2      | Reached skill level 5 in Unarmed Combat
  1304 | D:2      | Gained mutation: You are immune to clouds of flame. [demonic ancestry]
  1304 | D:2      | Reached XP level 4. HP: 27/35 MP: 4/4
  1457 | D:2      | Noticed Crazy Yiuf
  1475 | D:2      | Killed Crazy Yiuf
  1556 | D:2      | Noticed Terence
  1572 | D:2      | Killed Terence
  1608 | D:2      | Reached XP level 5. HP: 24/41 MP: 5/5
  1929 | D:2      | Found a basalt altar of Yredelemnul.
  2035 | D:2      | Found a white marble altar of Elyvilon.
  2067 | D:2      | Noticed Sigmund
  2097 | D:2      | Slain by Sigmund

Action                   |  1- 3 |  4- 6 || total
-------------------------+-------+-------++-------
Melee: Unarmed           |    71 |    90 ||   161
  Use: Scroll            |       |     3 ||     3
       Potion            |       |     1 ||     1
 Stab: Sleeping          |       |     1 ||     1
  Eat: Chunk             |     1 |     3 ||     4
